 Dungeon Crawl Stone Soup version 0.26-a0-466-g989023bd0d (webtiles) character file.

Game seed: 5926820491060199848

108296 HoaS the Wrestler (level 16, -6/141 HPs)
             Began as a Ghoul Gladiator on Aug 14, 2020.
             Was the Champion of Makhleb.
             Mangled by a wolf spider (7 damage)
             ... on level 1 of the Spider Nest.
             The game lasted 00:58:24 (22966 turns).

HoaS the Wrestler (Ghoul Gladiator)                Turns: 22966, Time: 00:58:25

Health: -6/141     AC: 24    Str: 19 (21) XL:     16   Next: 49%
Magic:  15/15      EV: 15    Int:  3      God:    Makhleb [******]
Gold:   2015       SH:  0    Dex: 14      Spells: 15/15 levels left

rFire    . . .     SeeInvis .     - Unarmed
rCold    + . .     Faith    .   (no shield)
rNeg     + + +     Spirit   .   J - +0 plate armour
rPois    ∞         Reflect  +   b - +1 helmet
rElec    .         Harm     .   y - +2 cloak {Stlth+}
rCorr    .                      (no gloves)
MR       ++...                  D - +2 pair of boots
Stlth    ..........             M - amulet of reflection
HPRegen  0.00/turn              j - ring of protection from magic
MPRegen  0.14/turn              L - +4 ring of evasion

@: confused, studying Bows
A: rotting body, claws 1, cold resistance 1, negative energy resistance 3,
inhibited regeneration, torment resistance, unbreathing
a: Minor Destruction, Lesser Servant of Makhleb, Major Destruction, Greater
Servant of Makhleb, Renounce Religion


You were on level 1 of the Spider Nest.
You worshipped Makhleb.
Makhleb was exalted by your worship.
You visited 5 branches of the dungeon, and saw 25 of its levels.
You also visited: Sewer, Ossuary and Volcano.

You collected 3137 gold pieces.
You spent 1122 gold pieces at shops.

Inventory:

Missiles
 h - 58 poisoned darts
 p - 21 boomerangs
 G - 5 atropa-tipped darts
 K - a throwing net (quivered)
 N - 2 boomerangs of dispersal
Armour
 b - a +1 helmet (worn)
 y - a +2 cloak of stealth (worn)
 D - a +2 pair of boots (worn)
 I - a scarf of resistance
 J - a +0 plate armour (worn)
Jewellery
 d - a +6 ring of strength
 j - a ring of protection from magic (left claw)
 l - an uncursed ring of ice
 H - an uncursed ring of protection from cold
 L - a +4 ring of evasion (right claw)
 M - an amulet of reflection (around neck)
Wands
 a - a wand of polymorph (29)
 k - a wand of paralysis (6)
 n - a wand of iceblast (24)
 s - a wand of digging (17)
 w - a wand of clouds (4)
 z - a wand of random effects (20)
 C - a wand of flame (16)
Scrolls
 c - 2 scrolls of magic mapping
 f - a scroll of silence
 g - 2 scrolls of fear
 m - 4 scrolls of identify
 q - 10 scrolls of teleportation
 t - a scroll of fog
 u - 3 scrolls of blinking
 v - 10 scrolls of remove curse
Potions
 e - 19 potions of curing
 i - 5 potions of flight
 o - a potion of heal wounds
 r - 3 potions of cancellation
 x - 10 potions of ambrosia
 A - a potion of haste
 E - 4 potions of might
 F - 3 potions of invisibility
 O - 2 potions of resistance
Books
 B - a manual of Bows


   Skills:
 + Level 12.4 Fighting
 - Level 1.7 Throwing
 + Level 10.5 Armour
 + Level 10.9 Dodging
 * Level 21.6 Unarmed Combat


You had 15 spell levels left.
You didn't know any spells.
Your spell library contained the following spells:

 Spells                   Type           Power        Failure   Level
 Animate Skeleton         Necr           #.....       100%        1
 Apportation              Tloc           #.....       100%        1
 Foxfire                  Conj/Fire      #...         100%        1
 Pain                     Necr           #...         100%        1
 Shock                    Conj/Air       #...         100%        1
 Sting                    Tmut/Pois      #...         100%        1
 Poisonous Vapours        Pois/Air       #.....       100%        2
 Swiftness                Air            #.......     100%        2
 Confusing Touch          Hex            #.......     100%        3
 Conjure Flame            Conj/Fire      #.......     100%        3
 Gell's Gravitas          Tloc           #.........   100%        3
 Ignite Poison            Fire/Tmut/Pois #.......     100%        3
 Inner Flame              Hex/Fire       #.......     100%        3
 Lesser Beckoning         Tloc           #.........   100%        3
 Mephitic Cloud           Conj/Pois/Air  #.......     100%        3
 Static Discharge         Conj/Air       #.......     100%        3
 Tukima's Dance           Hex            #.......     100%        3
 Vampiric Draining        Necr           #.........   100%        3
 Airstrike                Air            #.........   100%        4
 Animate Dead             Necr           #.........   100%        4
 Olgreb's Toxic Radiance  Pois           #.......     100%        4
 Petrify                  Tmut/Erth      #.......     100%        4
 Sticky Flame             Conj/Fire      #.......     100%        4
 Agony                    Necr           #.......     100%        5
 Alistair's Intoxication  Tmut/Pois      #........    100%        5
 Bolt of Magma            Conj/Fire/Erth #.........   100%        5
 Borgnjor's Vile Clutch   Necr/Erth      #.........   100%        5
 Fireball                 Conj/Fire      #.........   100%        5
 Iskenderun's Battlesphe  Conj           #.......     100%        5
 Lightning Bolt           Conj/Air       #.........   100%        5
 Metabolic Englaciation   Hex/Ice        #.........   100%        5
 Yara's Violent Unravell  Hex/Tmut       #.........   100%        5
 Death Channel            Necr           #.........   100%        6
 Invisibility             Hex            #.......     100%        6
 Iron Shot                Conj/Erth      #.........   100%        6
 Simulacrum               Ice/Necr       #.........   100%        6
 Orb of Destruction       Conj           #.........   100%        7
 Spellforged Servitor     Conj/Summ      #.........   100%        7


Dungeon Overview and Level Annotations

Branches:
Dungeon (15/15)            Temple (1/1) D:5            Lair (6/6) D:8
 Shoals (0/4) Lair:3       Spider (1/4) Lair:2        Slime (0/5) Lair:5
    Orc (2/2) D:11            Elf (0/3) Orc:2        Vaults (0/5) D:13
 Depths (0/5) D:15          Sewer (visited)         Ossuary (visited)
Volcano (visited)

Altars:
Ashenzari
Cheibriados
Dithmenos
Elyvilon
Fedhas
Gozag
Hepliaklqana
Kikubaaqudgha
Makhleb
Nemelex Xobeh
Okawaru
Qazlal
Ru
Sif Muna
Trog
Uskayaw
Vehumet
Wu Jian
Xom
Yredelemnul
Zin
The Shining One
Beogh

Shops:
D:5 *   D:11 *   D:12 =   Orc:1 ?   Orc:2 (*[!

Annotations:
D:4 Natasha
Orc:1 2 transporters


Innate Abilities, Weirdness & Mutations

Your body is rotting away.
You thrive by killing the living.
You are immune to poison.
You have sharp fingernails.
Your flesh is cold resistant. (rC+)
You are immune to negative energy. (rN+++)
You do not regenerate when monsters are visible.
You are immune to unholy pain and torment.
You can survive without breathing.


Message History

You closely miss the wolf spider.
The wolf spider is heavily wounded.
The tarantella bites you but does no damage.
The wolf spider hits you!
* * * LOW HITPOINT WARNING * * *
The wolf spider closely misses you.
You bump into the rock wall.
The tarantella barely misses you. The wolf spider hits you.
* * * LOW HITPOINT WARNING * * *
The wolf spider bites you but does no damage.
The tarantella bites you but does no damage.
You scratch the wolf spider. Your claw misses the wolf spider.
The wolf spider is heavily wounded.
The wolf spider barely misses you. The wolf spider misses you.
You bump into the rock wall.
The tarantella barely misses you. The wolf spider closely misses you.
The wolf spider bites you but does no damage.
The tarantella bites you but does no damage.
The wolf spider hits you!
You die...

. ..## #.... #### #.....#..##
#.....# ####.#..# #####
#..###.†###...##
..####...##ss###...##
#^........##@)..#.#..######
##......#<.###..###..#....###
###.#^##..##..##.##.......##
##≈≈ ##..##........###...^
#≈# #...##..#....# ###.. ≈≈
##^..######### ### ≈#≈
##....# #≈ ≈#≈≈#..## #
#≈≈#≈#...###### #### #


You could see a wolf spider and a tarantella.

Vanquished Creatures
  Rupert (D:14)
  A ghost moth (Spider:1)
  An orc warlord (Orc:1)
  The ghost of Qyacle Coxe the Geomancer, a journeyman GrEE of Sif Muna (Lair:2)
  An ogre mage (D:15)
  Harold (Orc:1)
  7 hydras
  4 centaur warriors
  2 vault guards (D:13)
  A death knight (D:15)
  A catoblepas (Lair:6)
  13 two-headed ogres
  6 death yaks (Lair:4)
  2 tengu warriors (D:13)
  4 orc high priests (Orc:2)
  3 spriggans
  A deep troll (D:14)
  3 wizards
  4 unseen horrors
  Pikel (D:4)
  A necromancer (D:15)
  3 wolf spiders (Spider:1)
  4 orc knights (Orc:2)
  2 manticores
  5 orc sorcerers
  3 deep elf magi (D:15)
  2 ugly things
  9 cyclopes
  8 black mambas
  7 gargoyles
  4 elephants (Lair:6)
  5 torpor snails
  21 cane toads
  An eye of devastation (Lair:5)
  A demonic crawler (Spider:1)
  2 yaktaurs
  A kobold demonologist (D:14)
  3 komodo dragons
  A rime drake (Lair:4)
  3 tengu conjurers
  A jumping spider (Spider:1)
  A harpy skeleton (D:15)
  A meliai (D:14)
  7 trolls
  A queen bee (Lair:1)
  A wolf spider simulacrum (D:15)
  5 tyrant leeches (Lair:6)
  2 slime creatures
  A hornet (Lair:3)
  28 blink frogs
  6 hippogriffs
  2 vampires
  A meliai zombie (D:14)
  Sigmund (D:3)
  7 redbacks
  5 water elementals (D:15)
  3 shadows
  3 wyverns
  2 tarantellas (Spider:1)
  A wraith (D:12)
  A basilisk (Lair:3)
  22 yaks
  20 humans (D:13)
  Grum (D:8)
  A steam dragon (Lair:4)
  7 vampire mosquitoes
  Menkaure (D:6)
  2 acid dragons
  A harpy simulacrum (D:15)
  4 wargs
  10 water moccasins
  4 porcupines
  Purgy (Sewer)
  31 orc warriors
  A swamp drake (D:11)
  6 ice beasts
  3 eyes of draining
  A black bear (Lair:3)
  A necrophage (D:10)
  3 phantoms
  4 boggarts
  5 sky beasts
  17 ogres
  6 wolves
  8 centaurs
  8 crocodiles
  A big kobold (D:12)
  Blork the orc (D:4)
  2 elf zombies
  29 bullfrogs
  An elf skeleton (D:7)
  A wyvern zombie (D:12)
  A gnoll sergeant (D:13)
  2 scorpions
  36 killer bees
  15 wights
  4 electric eels (D:15)
  3 howler monkeys
  4 crimson imps (D:5)
  8 centaur zombies
  A human zombie (D:7)
  10 centaur skeletons
  7 hounds
  3 jellies
  15 orc priests
  4 iguanas
  5 bullfrog skeletons
  A human skeleton (D:7)
  Natasha (D:4)
  18 orc wizards
  17 worker ants
  3 big kobold zombies (Ossuary)
  2 hound zombies
  A hound skeleton (D:11)
  2 mummies (Ossuary)
  A worker ant zombie (D:11)
  21 gnolls
  18 adders
  2 shadow imps
  2 white imps
  2 ufetubi
  2 oozes
  2 adder zombies
  2 adder skeletons
  3 worms (D:2)
  5 dart slugs
  8 leopard geckos
  66 orcs
  5 giant cockroaches
  8 goblins
  3 hobgoblins
  23 jackals
  14 kobolds
  4 quokkas
  3 ball pythons (Sewer)
  9 bats
  5 frilled lizards
  4 gnoll zombies (Ossuary)
  3 goblin zombies (Ossuary)
  An orc skeleton (D:7)
  2 orc zombies
  A quokka zombie (D:7)
  12 rats
821 creatures vanquished.

Vanquished Creatures (others)
  A centaur skeleton (D:15)
  A boggart (D:14)
  15 fungi
  54 plants
71 creatures vanquished.

Grand Total: 892 creatures vanquished

Notes
Turn   | Place    | Note
-------+----------+-------------------------------------------
     0 | D:1      | HoaS the Ghoul Gladiator began the quest for the Orb.
     0 | D:1      | Reached XP level 1. HP: 17/17 MP: 0/0
   147 | D:1      | Reached XP level 2. HP: 24/24 MP: 1/1
   149 | D:1      | Reached skill level 4 in Unarmed Combat
   309 | D:1      | Reached XP level 3. HP: 20/29 MP: 2/2
   649 | D:2      | Reached skill level 5 in Unarmed Combat
   657 | D:2      | Found a blossoming altar of Fedhas.
   664 | D:2      | Found a glowing golden altar of the Shining One.
   698 | D:2      | Reached XP level 4. HP: 29/36 MP: 3/3
   756 | D:2      | Found a sparkling altar of Nemelex Xobeh.
   757 | D:2      | Found a basalt altar of Yredelemnul.
   758 | D:2      | Found a shadowy altar of Dithmenos.
   760 | D:2      | Found a bloodstained altar of Trog.
   760 | D:2      | Found a glowing silver altar of Zin.
  1083 | D:2      | Reached skill level 6 in Unarmed Combat
  1084 | D:2      | Reached XP level 5. HP: 33/41 MP: 4/4
  1480 | D:2      | Found a radiant altar of Vehumet.
  1480 | D:2      | Found an ancient bone altar of Kikubaaqudgha.
  1481 | D:2      | Found a shimmering blue altar of Sif Muna.
  1490 | D:2      | Identified Kikubaaqudgha's Almanac of Sinister Arts
  1731 | D:3      | Noticed Sigmund
  1758 | D:3      | Killed Sigmund
  1758 | D:3      | Reached skill level 7 in Unarmed Combat
  1758 | D:3      | Reached XP level 6. HP: 47/48 MP: 5/5
  2027 | D:3      | Found a glowing drain.
  2038 | D:3      | Reached skill level 8 in Unarmed Combat
  2047 | Sewer    | Entered a sewer
  2126 | Sewer    | Noticed Purgy
  2134 | Sewer    | Killed Purgy
  2134 | Sewer    | Reached XP level 7. HP: 55/55 MP: 6/6
  2891 | D:4      | Reached skill level 9 in Unarmed Combat
  2936 | D:4      | Noticed Blork the orc
  2959 | D:4      | Killed Blork the orc
  2982 | D:4      | Noticed Pikel
  3004 | D:4      | Killed Pikel
  3004 | D:4      | Reached skill level 10 in Unarmed Combat
  3004 | D:4      | Reached XP level 8. HP: 30/61 MP: 7/7
  3008 | D:4      | Reached skill level 11 in Unarmed Combat
  3159 | D:4      | Found a shattered altar of Ashenzari.
  3528 | D:4      | Noticed Natasha
  3535 | D:4      | Killed Natasha
  3537 | D:4      | Found an opulent altar of Gozag.
  3557 | D:4      | Noticed Natasha
  3854 | D:5      | Entered Level 5 of the Dungeon
  3881 | D:5      | Found a shimmering altar of Xom.
  3960 | D:5      | Reached skill level 12 in Unarmed Combat
  3964 | D:5      | Found Cikhlot's General Store.
  3975 | D:5      | Reached XP level 9. HP: 60/67 MP: 8/8
  4458 | D:5      | Got a twisted chain mail
  4460 | D:5      | Identified the +0 chain mail "Maaxko" {rPois rF+++ rC-
                  | MP+9} (You found it on level 5 of the Dungeon)
  4628 | D:5      | Found a staircase to the Ecumenical Temple.
  4645 | Temple   | Entered the Ecumenical Temple
  4932 | Temple   | Became a worshipper of Makhleb the Destroyer
  5163 | D:6      | Reached skill level 13 in Unarmed Combat
  5344 | D:6      | Noticed Menkaure
  5356 | D:6      | Killed Menkaure
  5361 | D:6      | Reached * piety under Makhleb
  5497 | D:6      | Reached skill level 14 in Unarmed Combat
  5744 | D:7      | Found a sand-covered staircase.
  5749 | Ossuary  | Entered an ossuary
  5805 | Ossuary  | Reached XP level 10. HP: 73/73 MP: 9/9
  5854 | Ossuary  | Reached ** piety under Makhleb
  6015 | D:7      | Found a sacrificial altar of Ru.
  6045 | D:7      | Reached skill level 15 in Unarmed Combat
  6540 | D:8      | Reached *** piety under Makhleb
  6552 | D:8      | Found an ornate altar of the Wu Jian Council.
  6655 | D:8      | Noticed Grum
  6673 | D:8      | Killed Grum
  6681 | D:8      | Reached skill level 16 in Unarmed Combat
  6883 | D:8      | Found a staircase to the Lair.
  7196 | D:8      | Reached skill level 1 in Armour
  7271 | D:8      | Found a white marble altar of Elyvilon.
  7775 | D:9      | Reached **** piety under Makhleb
  8138 | D:10     | Entered Level 10 of the Dungeon
  8206 | D:10     | Reached XP level 11. HP: 53/82 MP: 10/10
  8211 | D:10     | Killed an unseen horror
  8308 | D:10     | Noticed a green ugly thing
  8317 | D:10     | Killed a green ugly thing
  8591 | D:10     | Noticed an orc knight
  8601 | D:10     | Noticed a salamander
  8837 | D:10     | Reached skill level 5 in Fighting
  9175 | Lair:1   | Entered Level 1 of the Lair of Beasts
  9185 | Lair:1   | Reached skill level 17 in Unarmed Combat
  9456 | Lair:1   | Noticed a six-headed hydra
  9468 | Lair:1   | Killed a six-headed hydra
  9468 | Lair:1   | Reached skill level 5 in Dodging
 10089 | Lair:1   | Reached ***** piety under Makhleb
 10089 | Lair:1   | Reached XP level 12. HP: 91/95 MP: 11/11
 10447 | Lair:2   | Found a hole to the Spider Nest.
 10473 | Lair:2   | Noticed an eight-headed hydra
 10487 | Lair:2   | Killed an eight-headed hydra
 10620 | Lair:2   | Reached skill level 5 in Armour
 10680 | Lair:2   | Found a snail-covered altar of Cheibriados.
 11203 | Lair:3   | Found a runed translucent door.
 11249 | Lair:3   | Noticed Qyacle Coxe's ghost (journeyman GrEE)
 11550 | Lair:3   | Reached skill level 18 in Unarmed Combat
 11691 | Lair:3   | Found a staircase to the Shoals.
 11843 | Lair:3   | Identified the +11 trident "Xuvi" {freeze, Str+4 Int+4}
 11843 | Lair:3   | Noticed a spriggan rider
 12140 | Lair:4   | Reached XP level 13. HP: 107/107 MP: 12/12
 12874 | Lair:5   | Found a staircase to the Slime Pits.
 12959 | Lair:5   | Found a dark tunnel.
 13025 | Volcano  | Entered a volcano
 13193 | Lair:5   | Reached skill level 19 in Unarmed Combat
 13564 | Lair:6   | Entered Level 6 of the Lair of Beasts
 13983 | Lair:6   | Reached XP level 14. HP: 79/118 MP: 13/13
 14223 | Lair:6   | Reached ****** piety under Makhleb
 14331 | Lair:6   | Identified a scroll of acquirement
 14331 | Lair:6   | Acquired 330 gold pieces
 14478 | Lair:6   | Reached skill level 10 in Fighting
 15055 | Lair:2   | Killed Qyacle Coxe's ghost
 15577 | D:11     | Found Nufasum's Assorted Antiques.
 15688 | D:11     | Found a radiant altar of Vehumet.
 15936 | D:11     | Found a staircase to the Orcish Mines.
 16495 | D:12     | Reached skill level 20 in Unarmed Combat
 16940 | D:12     | Found Tyqa's Jewellery Emporium.
 17180 | Orc:1    | Entered Level 1 of the Orcish Mines
 17259 | Orc:1    | Noticed Harold
 17440 | Orc:1    | Killed Harold
 17549 | Orc:1    | Found Fieg's Magic Scroll Boutique.
 17697 | Orc:1    | Found a transporter.
 17724 | Orc:1    | Found a roughly hewn altar of Beogh.
 17724 | Orc:1    | Found a transporter.
 17747 | Orc:2    | Entered Level 2 of the Orcish Mines
 17874 | Orc:2    | Noticed an orc warlord
 18313 | Orc:1    | Killed an orc warlord
 18527 | Orc:2    | Reached XP level 15. HP: 128/128 MP: 14/14
 18566 | Orc:2    | Found a staircase to the Elven Halls.
 18730 | Orc:2    | Found Unaroty's Distillery.
 19241 | Orc:2    | Found Ganev's Weapon Emporium.
 19242 | Orc:2    | Found Ipty's Antique Armour Shop.
 19242 | Orc:2    | Found Xoiprygh's General Store.
 19419 | D:12     | Bought a +4 ring of evasion for 612 gold pieces
 19419 | D:12     | Bought an uncursed amulet of reflection for 510 gold pieces
 20445 | D:13     | Found a gate to the Vaults.
 20455 | D:13     | Reached skill level 10 in Dodging
 20738 | D:14     | Reached skill level 21 in Unarmed Combat
 21350 | D:15     | Entered Level 15 of the Dungeon
 21439 | D:15     | Reached skill level 10 in Armour
 21439 | D:15     | Reached XP level 16. HP: 139/139 MP: 15/15
 21538 | D:15     | Noticed Rupert
 21845 | D:14     | Killed Rupert
 22048 | D:15     | Found a staircase to the Depths.
 22768 | Spider:1 | Entered Level 1 of the Spider Nest
 22963 | Spider:1 | HP: 3/141 [wolf spider (11)]
 22964 | Spider:1 | HP: 1/141 [wolf spider (2)]
 22966 | Spider:1 | Mangled by a wolf spider

Illustrated notes

Levels and vault maps discovered:
D:1:      ncdulo_watergridlock, layout_loops_ring, minmay_heptomino_h4
D:2:      layout_rooms, grunt_temple_overflow_magic_moments,
          grunt_temple_overflow_open, minitemple
D:3:      minmay_evil_eye, layout_basic, portal_sewer_entry_d, uniq_sigmund
D:4:      layout_loops_corners, grunt_gozag_statues,
          nicolae_ashenzari_panopticon, uniq_natasha, uniq_blork_the_orc,
          uniq_pikel
D:5:      layout_basic, minmay_temple_entry_antechambers, serial_shops, shop,
          led_xom_imps
D:6:      layout_cave_pools, uniq_menkaure
D:7:      layout_rooms, nicolae_ossuary_entry_catacombs, chequers_avenue,
          nicolae_ru_awakened_eye
D:8:      layout_basic, old_standard_altar, elyvilon_altar_5,
          erik_lair_orcish_takeover, minmay_stone_trees_small, uniq_grum
D:9:      layout_small_grid
D:10:     cheibrodos_statue_roulette, layout_irregular_city, minmay_misc_feat_x,
          grunt_ministairs_14, minmay_misc_feat_pillars, minivault_12
D:11:     layout_basic, erik_orc_1, serial_shops, shop, minmay_ruined_shrine
D:12:     layout_roguey, serial_shops, nicolae_shop_window_shopping
D:13:     layout_loops_ring, grunt_vaults_entry_tiered,
          minmay_misc_feat_encased, hex_large
D:14:     minmay_ornate_pinched, layout_irregular_city, serial_bayou_pond_e
D:15:     grunt_enter_depths_magical_seal, layout_irregular_city,
          chequers_mini_garden, serial_bayou, serial_bayou_shore_b,
          serial_bayou_shore_a, serial_bayou_crossing, serial_bayou_pond_b,
          serial_bayou_ford_a, serial_bayou_lagoon_a, uniq_rupert
Temple:   compressed_dpeg_triangle_lava_temple
Lair:1:   layout_cave_pods, special_room [special_room_bee]
Lair:2:   layout_roguey, spider_nest_entry_webs, chequers_serial_rivers_micro_a,
          kennysheep_snail_temple
Lair:3:   layout_concentric_octagons, minmay_shoals_entry_centaurs,
          ebering_ghost_funeral_grove, lemuel_fruit_fields
Lair:4:   layout_roguey, minivault_26
Lair:5:   layout_small_grid, minmay_slime_entry_eyes,
          lightli_volcano_entry_magma_tube
Lair:6:   minmay_lair_end_frog_pond, layout_loops_ring
Spider:1: layout_spider_delve
Orc:1:    gammafunk_beogh_shrine, layout_caves, serial_shops, shop_coins,
          uniq_harold
Orc:2:    st_orc_elflike, layout_caves

Skill      XL: |  1  2  3  4  5  6  7  8  9 10 11 12 13 14 15 16 |
---------------+-------------------------------------------------+-----
Unarmed Combat | 4 5 6 7 8 10 12 14 16 17 18 19 20 21 | 21.6
Armour         | 2 4 6 7 8 10 | 10.5
Dodging        | 3 5 6 8 9 10 | 10.9
Fighting       | 3 5 7 9 10 11 12 | 12.4
Throwing       | |  1.7

Action                   |  1- 3 |  4- 6 |  7- 9 | 10-12 | 13-15 | 16-18 || total
-------------------------+-------+-------+-------+-------+-------+-------++-------
Melee: Unarmed           |    99 |   164 |   341 |   774 |  1252 |   226 ||  2856
       Punch             |     2 |     2 |    20 |    49 |   140 |    28 ||   241
Throw: Throwing net      |       |     2 |       |     1 |     1 |       ||     4
       Dart              |       |       |     3 |     1 |     4 |       ||     8
Evoke: Wand              |       |       |       |       |     1 |       ||     1
  Use: Scroll            |     3 |     6 |    13 |     9 |     9 |     1 ||    41
       Potion            |       |       |       |     1 |     6 |     3 ||    10
 Stab: Held in net/web   |       |     1 |       |     1 |     2 |       ||     4
       Distracted        |       |       |       |       |     1 |       ||     1
Armor: Leather armour    |    31 |    27 |       |       |       |       ||    58
       Ice dragon scales |       |    16 |   128 |   299 |       |       ||   443
       Chain mail        |       |       |       |    88 |   292 |       ||   380
       Plate armour      |       |       |       |       |   277 |   145 ||   422
Dodge: Dodged            |    66 |    64 |   154 |   387 |   651 |   206 ||  1528
Block: Other             |       |       |       |       |    59 |    41 ||   100
       Reflection        |       |       |       |       |     3 |       ||     3

Table legend: (Time is in decaauts)
 A = Elapsed time spent in this place.
 B = Non-inter-level travel time spent in this place.
 C = Inter-level travel time spent in this place.
 D = Time resting spent in this place.
 E = Time spent auto-exploring this place.
 F = Levels seen in this place.
 G = Mean time per level.
                   A        B        C        D        E       F      G
               +--------+--------+--------+--------+--------+-----+--------+
         Total |  22170 |  20643 |   1527 |   2777 |  12855 |  28 |  791.8 |
       Dungeon |  13274 |  12139 |   1135 |   1168 |   8020 |  15 |  884.9 |
        Temple |    315 |    315 |      0 |      0 |    280 |   1 |  315.0 |
          Lair |   5904 |   5606 |    298 |    915 |   3522 |   6 |  984.0 |
   Spider Nest |    169 |    169 |      0 |      0 |     77 |   1 |  169.0 |
  Orcish Mines |   2026 |   1934 |     92 |    689 |    721 |   2 | 1013.0 |
         Sewer |    192 |    192 |      0 |      0 |    117 |   1 |  192.0 |
       Ossuary |    175 |    175 |      0 |      0 |     82 |   1 |  175.0 |
       Volcano |    113 |    113 |      0 |      5 |     35 |   1 |  113.0 |
               +--------+--------+--------+--------+--------+-----+--------+

Top non-repeatable levels by time:
  Lair:6: 1354 daAuts
   Orc:1: 1302 daAuts
    D:11: 1249 daAuts
  Lair:2: 1163 daAuts
  Lair:1: 1154 daAuts
     D:3: 1092 daAuts
    D:10: 1061 daAuts
     D:8: 1033 daAuts
     D:4: 998 daAuts
    D:15: 957 daAuts
    D:14: 928 daAuts
     D:5: 924 daAuts
    D:13: 903 daAuts
     D:2: 865 daAuts
  Lair:5: 816 daAuts
